[Event "Late-Titled-Tuesday-Blitz-June-18-2024"]
[Site "Chess.com"]
[Date "2024.06.18"]
[Round "4"]
[White "edgarhay012"]
[Black "Durarbayli"]
[Result "0-1"]
[WhiteElo "2715"]
[BlackElo "2954"]
[TimeControl "180+1"]
[EndTime "14:41:46 PDT"]
[Termination "Durarbayli won on time"]

1. e4 e6 2. d4 d5 3. Nc3 Nf6 4. Bg5 dxe4 5. Nxe4 Nbd7 6. Nf3 h6 7. Bxf6 Nxf6 8. Nxf6+ Qxf6 9. Bd3 Bd7 10. Qe2 O-O-O 11. Ne5 Bd6 12. O-O Bxe5 13. dxe5 Qf4 14. g3 Qd4 15. c3 Qb6 16. Rfd1 Bc6 17. Rd2 Rd5 18. Rad1 Qc5 19. Qg4 g5 20. Qh5 Rxe5 21. Bc2 Qe7 22. a4 a5 23. Qg4 Qf6 24. Qd4 b6 25. Rd3 Rf5 26. Qc4 Rc5 27. Qa6+ Bb7 28. Qa7 Rd5 29. Rxd5 exd5 30. Bd3 Qf3 31. Rd2 Re8 32. Ba6 Re1+ 33.
Bf1 d4 0-1

[Event "Late-Titled-Tuesday-Blitz-June-18-2024"]
[Site "Chess.com"]
[Date "2024.06.18"]
[Round "4"]
[White "zverr1"]
[Black "hblanco"]
[Result "1-0"]
[WhiteElo "2546"]
[BlackElo "2693"]
[TimeControl "180+1"]
[EndTime "14:41:46 PDT"]
[Termination "zverr1 won on time"]

1. e4 e5 2. Nf3 Nc6 3. Bc4 Nf6 4. Ng5 d5 5. exd5 Na5 6. Bb5+ c6 7. dxc6 bxc6 8. Be2 h6 9. Nh3 Bd6 10. d3 O-O 11. O-O c5 12. Bf3 Rb8 13. Nc3 c4 14. Ne4 Nxe4 15. Bxe4 Be6 16. Qf3 Bc7 17. Bf5 Qd7 18. Bxe6 Qxe6 19. b3 cxd3 20. cxd3 Nc6 21. Bb2 Rfd8 22. Rac1 Rb6 23. Qg3 Qf5 24. Rfd1 Bb8 25.
Qe3 Nb4 26. d4 Nd5 27. Qg3 e4 28. Qh4 e3 29. fxe3 Re8 30. Rf1 Qd3 31. Rce1 Rg6 32. Qf2 Nxe3 33. Nf4 Rg4 34. Nxd3 1-0

[Event "Late-Titled-Tuesday-Blitz-June-18-2024"]
[Site "Chess.com"]
[Date "2024.06.18"]
[Round "4"]
[White "Romkachess"]
[Black "Smiechu"]
[Result "1-0"]
[WhiteElo "2500"]
[BlackElo "2328"]
[TimeControl "180+1"]
[EndTime "14:41:46 PDT"]
[Termination "Romkachess won by resignation"]

1. e4 c5 2. Nf3 g6 3. d4 cxd4 4. Qxd4 Nf6 5. e5 Nc6 6. Qa4 Nd5 7. Qb3 Nc7 8. Bf4 Bg7 9. Bc4 Ne6 10. Bxe6 dxe6 11. Nc3 O-O 12. h4 h5 13. O-O Qc7 14. Rfe1 a6 15. a4 b6 16. Ne4 Bb7 17. Rad1 Rfd8 18.
Qe3 Rd5 19. Rxd5 exd5 20. e6 Qc8 21. exf7+ Kxf7 22. Neg5+ Kf8 23. Ne6+ Kg8 24. Qd3 Qe8 25. Nc7 Qf7 26. Nxa8 Bxa8 27. Be5 Bb7 28. Bxg7 Kxg7 29. Ng5 Qf5 30. Qxf5 gxf5 31. Re6 b5 32. axb5 axb5 33. c3 Ba8 34. f4 Bb7 35. Kf2 Ba8 36. Ke3 Bb7 37.
Nf3 Ba8 38. Nd4 Kf7 39. Rxc6 Bxc6 40. Nxc6 Kf6 41. Ne5 Ke6 42. Kd4 Kd6 43. b4 e6 44. g3 1-0

[Event "Late-Titled-Tuesday-Blitz-June-18-2024"]
[Site "Chess.com"]
[Date "2024.06.18"]
[Round "4"]
[White "legendisback1"]
[Black "ChessSwole"]
[Result "1-0"]
[WhiteElo "3018"]
[BlackElo "2729"]
[TimeControl "180+1"]
[EndTime "14:41:47 PDT"]
[Termination "legendisback1 won by checkmate"]

1. a3 a6 2. e4 c6 3. Nf3 d5 4. d3 Bg4 5. Be2 e6 6. Nbd2 Nf6 7. O-O Be7 8. b4 a5 9. b5 cxb5 10. e5 Nfd7 11. Nd4 Bxe2 12. Qxe2 b4 13. axb4 Bxb4 14. Qg4 O-O 15. N2f3 Re8 16. Bg5 Be7 17. Rfb1 Nc6 18. Bxe7 Rxe7 19. Qf4 Nxd4 20. Nxd4 Qc7 21. Nf3 f6 22. d4 Rf7 23. Qg4 Ra6 24. exf6 Nxf6 25. Qh4 Ne4 26. Ne5 Rxf2 27. Rf1 Rf6 28. Ng4 Rf5 29.
Rxf5 exf5 30. Ne3 g5 31. Qh5 Qf7 32. Qe2 f4 33. Ng4 a4 34. Qb5 a3 35. Ne5 Qe6 36. Qxb7 a2 37. c4 Qb6 38. Qf7+ Kh8 39. Qf8# 1-0

[Event "Late-Titled-Tuesday-Blitz-June-18-2024"]
[Site "Chess.com"]
[Date "2024.06.18"]
[Round "4"]
[White "rychessmaster1"]
[Black "Slovineanu"]
[Result "1-0"]
[WhiteElo "2748"]
[BlackElo "2554"]
[TimeControl "180+1"]
[EndTime "14:41:47 PDT"]
[Termination "rychessmaster1 won on time"]

1. d4 Nf6 2. Nc3 d5 3. Bf4 a6 4. e3 e6 5. Nf3 c5 6. dxc5 Bxc5 7.
Bd3 Nc6 8. O-O O-O 9. e4 dxe4 10.
Nxe4 Be7 11. c3 Qb6 12. Qc2 h6 13. Rad1 Rd8 14. h3 Bd7 15. Nxf6+ Bxf6 16. Bh7+ Kh8 17. Be4 Be8 18. Nd2 e5 19. Be3 Qc7 20. Bd3 Rac8 21. Nc4 b5 22. Bb6 bxc4 23. Bxc7 cxd3 24. Rxd3 Rxc7 25.
Rxd8 Bxd8 26. Rd1 Bf6 27. Qe4 Kg8 28. Qg4 g6 29. Qe2 Ra7 30. Qc4 Kg7 31. Rd6 Ne7 32. Qc5 Rd7 33. Rxd7 Bxd7 34. c4 e4 35. b4 Nf5 36. b5 axb5 37. cxb5 Bd4 38. Qb4 e3 39. fxe3 Bxe3+ 40. Kh2 h5 41. a4 g5 42. b6 h4 43.
b7 Bf4+ 44. Qxf4 gxf4 45. b8=Q 1-0

[Event "Late-Titled-Tuesday-Blitz-June-18-2024"]
[Site "Chess.com"]
[Date "2024.06.18"]
[Round "4"]
[White "JoakimVonAnd"]
[Black "Artem_Koval"]
[Result "1-0"]
[WhiteElo "2751"]
[BlackElo "2558"]
[TimeControl "180+1"]
[EndTime "14:41:48 PDT"]
[Termination "JoakimVonAnd won by checkmate"]

1. d4 Nf6 2. c4 e6 3. Nc3 d5 4. cxd5 exd5 5. Bg5 c6 6. e3 Be7 7. Bd3 h6 8. Bh4 O-O 9. Nge2 Nbd7 10. O-O Re8 11. f3 b5 12. a3 a5 13. e4 dxe4 14. fxe4 Nxe4 15. Bxe4 Bxh4 16. Bxc6 Rb8 17. Bxb5 Bg5 18. Ng3 Rf8 19. Nge4 Be7 20. Bc4 Rxb2 21. d5 Nf6 22. d6 Nxe4 23. Nxe4 Bg5 24. Nxg5 Qxg5 25. Qd5 Qg6 26. Ra2 Bb7 27. Qxf7+ Rxf7 28. Rxb2 Qxd6 29. Bxf7+ Kh7 30. Rxb7 Qxa3 31. Bd5 h5 32.
Be4+ Kh6 33. Rb6+ Kg5 34. Rg6+ Kh4 35. g3+ Kh3 36. Bg2# 1-0

[Event "Late-Titled-Tuesday-Blitz-June-18-2024"]
[Site "Chess.com"]
[Date "2024.06.18"]
[Round "4"]
[White "lupta_robin"]
[Black "Kavyev_Ruslan"]
[Result "1-0"]
[WhiteElo "2612"]
[BlackElo "2386"]
[TimeControl "180+1"]
[EndTime "14:41:48 PDT"]
[Termination "lupta_robin won by checkmate"]

1. b3 e5 2. Bb2 d6 3. e3 g6 4.
d4 Bg7 5. Nf3 Nd7 6. Nc3 Ne7 7.
Qd2 c6 8. h4 h6 9. dxe5 dxe5 10.
h5 g5 11. O-O-O Qa5 12. Ne4 Qxd2+ 13. Rxd2 Nb6 14. Bxe5 Bxe5 15. Nxe5 Be6 16. Nc5 Ned5 17. c4 Nf6 18. Nxb7 Ke7 19. Nc5 Bf5 20. Nxc6+ Kf8 21. Nd4 Bg4 22. Be2 Bxe2 23. Rxe2 Rc8 24. Nd3 Ne4 25.
Nf5 a5 26. f3 Nc5 27. Nxc5 Rxc5 28. e4 a4 29. Rd1 Ke8 30. Rd6 Nd7 31. Rxh6 Rxh6 32.
Nxh6 axb3 33. axb3 Ne5 34. Kd2 Ra5 35. Nf5 Ra2+ 36.
Ke3 Ra3 37. Kd4 Nc6+ 38. Kc5 Ne5 39. Kb4 Ra7 40. h6 Kf8 41. Rd2 Rb7+ 42. Kc3 f6 43.
Rd6 Kf7 44. Ra6 Rc7 45. Ra8 Kg6 46. Rg8+ Kh5 47. Rg7 Rc8 48. h7 Rh8 49. c5 g4 50.
f4 Ng6 51. Ng3+ Kh6 52. Nf5+ Kh5 53. g3 Rc8 54. b4 Rh8 55. b5 Nf8 56. Rg8 Rxh7 57.
Rxf8 Rd7 58. Rh8+ Kg6 59. Rh6+ Kf7 60. Rh7+ Kg6 61. Rxd7 Kh5 62. c6 Kg6 63. c7 Kh5 64. c8=Q Kg6 65. Qg8+ Kh5 66. Rh7# 1-0

[Event "Late-Titled-Tuesday-Blitz-June-18-2024"]
[Site "Chess.com"]
[Date "2024.06.18"]
[Round "4"]
[White "Eloist"]
[Black "Alina_Gumerovna"]
[Result "1/2-1/2"]
[WhiteElo "2453"]
[BlackElo "2207"]
[TimeControl "180+1"]
[EndTime "14:41:48 PDT"]
[Termination "Game drawn by agreement"]

1. e4 e5 2. Bc4 Nf6 3. d3 c6 4. Nf3 d5 5. Bb3 Bd6 6. exd5 Nxd5 7.
O-O O-O 8. Re1 Bg4 9. h3 Bxf3 10. Qxf3 Nf4 11. Bxf4 exf4 12. Nc3 Nd7 13. Ne4 Bc7 14.
d4 Nf6 15. Nc5 Qxd4 16. Nd3 Rfe8 17. Rad1 Rad8 18. c3 Rxe1+ 19. Nxe1 Qe5 20. Rxd8+ Bxd8 21. Nd3 Qe4 22. Qxe4 Nxe4 23. Nxf4 Bb6 24. Nd3 Nc5 25. Nxc5 Bxc5 26. Kf1 Kf8 27. Ke2 Ke7 28. f4 f5 29.
Bg8 h6 30. g4 g6 31. Kf3 b6 32.
b4 Bd6 33. a4 a5 34. bxa5 bxa5 35. Bc4 Ba3 36. Ba6 Bb2 37. c4 c5 38. Bb7 Bc3 39. Bd5 Kf6 40. Bc6 g5 41. Bd7 fxg4+ 42. hxg4 gxf4 43.
Kxf4 Bd2+ 44. Ke4 Bc3 45. Kd5 Bb4 46. Kd6 Kg5 47. Ke5 h5 48. gxh5 Kxh5 1/2-1/2

[Event "Late-Titled-Tuesday-Blitz-June-18-2024"]
[Site "Chess.com"]
[Date "2024.06.18"]
[Round "4"]
[White "Mops_2004"]
[Black "jcibarra"]
[Result "0-1"]
[WhiteElo "2815"]
[BlackElo "3014"]
[TimeControl "180+1"]
[EndTime "14:41:49 PDT"]
[Termination "jcibarra won on time"]

1. g3 Nf6 2. Bg2 d6 3. d4 g6 4. e4 Bg7 5. Nc3 O-O 6. Nf3 Nbd7 7. e5 Ne8 8. O-O c6 9. Qe2 Nc7 10. Rd1 Nb6 11. h3 f6 12. a4 a5 13. Kh2 Be6 14. Ne4 Qd7 15. b3 Nbd5 16. Bb2 h6 17. c4 Nb4 18. Bc3 f5 19. Ned2 Nca6 20. Nf1 d5 21. Ne1 f4 22. g4 g5 23. Nd2 Qe8 24. Ndf3 Qg6 25. Nd3 dxc4 26. bxc4 Bxc4 27. Nfe1 Bd5 28. Bxb4 axb4 29. Rab1 Rad8 30. Nxb4 Nxb4 31. Rxb4 f3 32. Bxf3 Qf7 33. Bxd5 Rxd5 34. f3 Qf4+ 35.
Kg2 Bxe5 36. dxe5 Qxb4 37. Rxd5 cxd5 38. Nc2 Qc3 39. Ne3 e6 0-1

[Event "Late-Titled-Tuesday-Blitz-June-18-2024"]
[Site "Chess.com"]
[Date "2024.06.18"]
[Round "4"]
[White "Losingexperience"]
[Black "maracayo"]
[Result "1-0"]
[WhiteElo "2732"]
[BlackElo "2425"]
[TimeControl "180+1"]
[EndTime "14:41:49 PDT"]
[Termination "Losingexperience won on time"]

1. e4 d6 2. d4 Nf6 3. Nc3 c6 4. Be3 Qa5 5. f3 e5 6. Ne2 Be7 7. Qd2 O-O 8. a3 b5 9. Rd1 a6 10. Nc1 Nbd7 11. Nb3 Qc7 12. Be2 Re8 13. O-O Bb7 14.
Qe1 Bf8 15. Qg3 c5 16. dxe5 dxe5 17. Nd5 Bxd5 18. exd5 c4 19. Nc1 Bc5 20. Bxc5 Qxc5+ 21. Kh1 e4 22. fxe4 Nxe4 23. Qf4 Ndf6 24. d6 Rad8 25.
d7 Re7 26. b4 Qa7 27. g4 h6 28. h4 g5 29. hxg5 hxg5 30. Qh2 Kg7 31. Bf3 Rexd7 32. Rxd7 Qxd7 33. Qe5 Qd6 34. Qxd6 Rxd6 35. Re1 Nd2 36. Bb7 Nxg4 37. Ne2 Ne3 38. Ng3 1-0

[Event "Late-Titled-Tuesday-Blitz-June-18-2024"]
[Site "Chess.com"]
[Date "2024.06.18"]
[Round "4"]
[White "Chessdemon2019"]
[Black "MKlose11"]
[Result "0-1"]
[WhiteElo "2382"]
[BlackElo "2572"]
[TimeControl "180+1"]
[EndTime "14:41:50 PDT"]
[Termination "MKlose11 won by checkmate"]

1. e4 e6 2. g3 d5 3. Bg2 Nf6 4. e5 Nfd7 5. f4 c5 6. Nh3 Nc6 7. O-O Be7 8. d3 b5 9. c4 bxc4 10. dxc4 Nb6 11. b3 Nd4 12. Be3 Bb7 13. Nd2 Rb8 14.
Rc1 O-O 15. Ng5 Bxg5 16. fxg5 dxc4 17. Nxc4 Bxg2 18. Kxg2 Nf5 19. Qxd8 Rfxd8 20. Bxc5 Nxc4 21. Rxc4 Rbc8 22. Bxa7 Rxc4 23. bxc4 Ra8 24. Bf2 Rxa2 25. Rc1 Kf8 26. Kf3 Ke7 27. g4 Ra3+ 28. Kf4 Ra2 29. Rf1 Ra4 30. gxf5 Rxc4+ 31. Kf3 exf5 32. Ra1 Ke6 33. Ra7 Rg4 34. Be3 Rh4 35. Bf4 Rh3+ 36. Kg2 Rb3 37. Ra6+ Kd5 38. h4 Rb4 39. Kf3 Rb3+ 40.
Kf2 Ke4 41. Bg3 Rb2+ 42. Kg1 Kf3 43. Bh2 Rb1# 0-1

[Event "Late-Titled-Tuesday-Blitz-June-18-2024"]
[Site "Chess.com"]
[Date "2024.06.18"]
[Round "4"]
[White "s-dshubin"]
[Black "ritanovikova"]
[Result "0-1"]
[WhiteElo "2376"]
[BlackElo "2205"]
[TimeControl "180+1"]
[EndTime "14:41:50 PDT"]
[Termination "ritanovikova won by checkmate"]

1. e4 e5 2. Nf3 Nf6 3. Nxe5 d6 4.
Nf3 Nxe4 5. Nc3 Nxc3 6. dxc3 Bf5 7. Bd3 Qd7 8. O-O Be7 9. Re1 Nc6 10. Bf4 O-O 11. Qd2 Bf6 12. Re2 Rfe8 13. Rae1 Rxe2 14. Qxe2 g6 15. Bh6 Bg7 16. Bxg7 Kxg7 17. Nd4 Bxd3 18. cxd3 Nxd4 19. cxd4 Kf8 20. f4 Re8 21. Qxe8+ Qxe8 22. Rxe8+ Kxe8 23. d5 Ke7 24. Kf2 h5 25. b4 Kf6 26. h3 h4 27. Kf3 Kf5 28. b5 f6 29.
a4 g5 30. fxg5 fxg5 31. d4 b6 32. g4+ hxg3 33. Kxg3 Kf6 34. Kg4 Kg6 35. Kg3 Kh5 36. Kh2 Kh4 37. Kg2 g4 38. hxg4 Kxg4 39. Kf2 Kf4 40.
a5 Ke4 41. Ke2 Kxd4 42. axb6 axb6 43. Kd2 Kxd5 44. Kc3 Kc5 45. Kd3 Kxb5 46. Kc3 Kc5 47. Kd3 b5 48. Kc3 b4+ 49. Kd3 Kb5 50. Kc2 c5 51. Kb3 c4+ 52. Kb2 d5 53. Kc2 d4 54.
Kb2 d3 55. Kc1 c3 56. Kb1 b3 57. Ka1 Kc4 58. Kb1 d2 59. Ka1 c2 60. Kb2 c1=Q# 0-1

[Event "Late-Titled-Tuesday-Blitz-June-18-2024"]
[Site "Chess.com"]
[Date "2024.06.18"]
[Round "4"]
[White "kaanadayhamle"]
[Black "Bauman_Guy"]
[Result "0-1"]
[WhiteElo "2423"]
[BlackElo "2911"]
[TimeControl "180+1"]
[EndTime "14:41:51 PDT"]
[Termination "Bauman_Guy won by resignation"]

1. d4 Nf6 2. Nf3 e6 3. g3 b5 4. Bg2 Bb7 5. O-O c5 6. e3 d5 7. a4 b4 8. dxc5 Bxc5 9. Nbd2 Nbd7 10. Nb3 Bd6 11. a5 O-O 12. Bd2 Ba6 13. Re1 Qe7 14. Nfd4 Rfc8 15. h3 Ne5 16. Bf1 Nc4 17. Rb1 Ne4 18.
Bc1 Rc7 19. Bd3 Rac8 20. Nd2 Nc5 21. Bxc4 dxc4 22. e4 Rd7 23. c3 Nd3 24. Rf1 Bc5 25. N2f3 e5 26. Nf5 Qe6 27. Qe2 f6 28. Be3 Bf8 29.
Kh2 b3 30. Nd2 Rcd8 31. f4 Kh8 32. fxe5 fxe5 33. Nf3 h6 34. N5h4 Bb7 35. Bxa7 Nc5 36. Bxc5 Bxc5 37. Rbd1 Rd3 38. Rxd3 Rxd3 39. Rd1 Bxe4 40.
Rxd3 Bxd3 41. Qxe5 Qxe5 42. Nxe5 Ba3 43. a6 Bxb2 44.
a7 Be4 45. Nxc4 Bxc3 46. Ng6+ Kh7 47. Nf4 b2 48. Nxb2 Bxb2 49. Ne6 Be5 50. Nc5 Ba8 51. Nd7 Bd4 52. Nf8+ Kg8 53. Ne6 Bxa7 54. Nc7 Bb7 55. Nb5 Bb8 56. Nd6 Bxd6 0-1

[Event "Late-Titled-Tuesday-Blitz-June-18-2024"]
[Site "Chess.com"]
[Date "2024.06.18"]
[Round "4"]
[White "DanielNaroditsky"]
[Black "jbking07"]
[Result "1-0"]
[WhiteElo "3136"]
[BlackElo "2390"]
[TimeControl "180+1"]
[EndTime "14:41:51 PDT"]
[Termination "DanielNaroditsky won by resignation"]

1. e4 c6 2. d4 d5 3. f3 dxe4 4. fxe4 e5 5. Nf3 exd4 6. Bc4 Be7 7. O-O Be6 8. Bxe6 fxe6 9. Nxd4 Qd7 10. Qh5+ g6 11. Qe5 Nf6 12. Bg5 c5 13. Bxf6 Bxf6 14. Rxf6 Qxd4+ 15. Qxd4 cxd4 16. Rxe6+ Kd7 17. Re5 Nc6 18.
Rd5+ Kc7 19. Nd2 Rae8 20. Rf1 Rhf8 21. Rxf8 Rxf8 22. Nf3 Re8 23. e5 h6 24. h4 Rd8 25.
Rc5 Kb6 26. Rc4 Kb5 27. b3 Rd5 28. e6 Rd6 29. e7 Nxe7 30. Nxd4+ Kb6 31. Rb4+ Ka6 32.
Nf3 b6 33. Re4 Nf5 34. Kf2 Rc6 35. c4 Ka5 36. g4 Ng7 37. Re7 Ne6 38. Ne5 Rd6 39. c5 Rd2+ 40. Ke3 Rxa2 41. Rxe6 bxc5 42.
Rxg6 Kb4 43. Nd3+ Kxb3 44. Nc1+ Kb2 45. Nxa2 Kxa2 46. Rxh6 c4 47. Rc6 Kb3 48. Kd4 a5 49. Rxc4 1-0

[Event "Late-Titled-Tuesday-Blitz-June-18-2024"]
[Site "Chess.com"]
[Date "2024.06.18"]
[Round "4"]
[White "SharathRk6"]
[Black "DryCounty"]
[Result "0-1"]
[WhiteElo "2448"]
[BlackElo "2657"]
[TimeControl "180+1"]
[EndTime "14:41:51 PDT"]
[Termination "DryCounty won by checkmate"]

1. e4 c5 2. Nf3 d6 3. d4 cxd4 4. Nxd4 Nf6 5. Nc3 Nc6 6. Bb5 Bd7 7. Nxc6 bxc6 8. Bc4 e6 9. O-O d5 10. Bb3 Bd6 11. f4 O-O 12. e5 Bc5+ 13. Kh1 Ne8 14. Ne2 f6 15. c3 fxe5 16. fxe5 Rxf1+ 17. Qxf1 Nc7 18. Bc2 Qh4 19. g3 Qh5 20. Bf4 Rf8 21.
b4 Bb6 22. a4 g5 23. a5 Be3 24. g4 Qxg4 25. h3 Qh5 26. Ng3 Qh4 27. Bxe3 Rxf1+ 28. Nxf1 Qxh3+ 29. Kg1 Qg4+ 30. Kf2 Nb5 31. Bd1 Qf5+ 32. Kg2 Nxc3 33. Ng3 Qxe5 34. Bxa7 Ne4 35. Nxe4 Qxa1 36. Nc5 Bc8 37. Bg4 Qb2+ 38. Kf1 Qxb4 39. Bxe6+ Bxe6 40. Nxe6 Qxa5 41. Be3 Qa1+ 42. Kf2 Qe5 43. Nxg5 d4 44. Bd2 c5 45. Nf3 Qe4 46. Ng5 Qd3 47. Nf3 c4 48.
Bg5 c3 49. Bc1 Qd1 50. Bf4 d3 51. Ne5 Qe2+ 52. Kg3 d2 53. Nc4 Qxc4 54. Be3 d1=Q 55. Kf2 Qde2+ 56. Kg3 Qcg4# 0-1

[Event "Late-Titled-Tuesday-Blitz-June-18-2024"]
[Site "Chess.com"]
[Date "2024.06.18"]
[Round "4"]
[White "aeiiuu"]
[Black "Bugcrusher"]
[Result "1-0"]
[WhiteElo "2647"]
[BlackElo "2393"]
[TimeControl "180+1"]
[EndTime "14:41:52 PDT"]
[Termination "aeiiuu won by resignation"]

1. e4 e6 2. d4 d5 3. Nc3 Bb4 4. exd5 exd5 5. Bd3 Nc6 6. Ne2 Nge7 7. O-O O-O 8. Bg5 f6 9. Bh4 Bf5 10. a3 Bxc3 11.
bxc3 Qd7 12. Re1 Rfe8 13. Qd2 Bxd3 14. cxd3 Nf5 15. Bg3 Nxg3 16. hxg3 Re7 17. Nf4 Rae8 18. Rxe7 Rxe7 19. Qa2 Kf8 20. Nxd5 Re8 21. Rb1 b6 22. Nf4 Qf5 23. Qc4 Qd7 24. g4 Na5 25. Qb4+ Qd6 26. Qxd6+ cxd6 27. Kf1 g5 28. Nd5 Kf7 29. f3 Nc6 30. Kf2 Kg6 31. a4 f5 32. gxf5+ Kxf5 33. Rh1 Kg6 34. Rxh7 Kxh7 35. Nf6+ Kg6 36. Nxe8 d5 37.
Nc7 Ne7 38. g3 Kf5 39. Nb5 a6 40. Nc7 a5 41. Nb5 Ke6 42. c4 Nc6 43. Ke3 dxc4 44. dxc4 Nb4 45. d5+ Kf5 46. Nd4+ Ke5 47. Nc6+ Nxc6 48.
dxc6 Kd6 49. f4 g4 50. f5 Kxc6 51. Kf4 1-0

[Event "Late-Titled-Tuesday-Blitz-June-18-2024"]
[Site "Chess.com"]
[Date "2024.06.18"]
[Round "4"]
[White "NowInChess"]
[Black "Chessdreamer2020"]
[Result "0-1"]
[WhiteElo "2231"]
[BlackElo "2563"]
[TimeControl "180+1"]
[EndTime "14:41:52 PDT"]
[Termination "Chessdreamer2020 won on time"]

1. e4 d6 2. d3 Nf6 3. g3 e5 4.
Bg2 Be7 5. f4 O-O 6. Nf3 Nbd7 7.
O-O c6 8. c4 Re8 9. Nc3 Bf8 10.
h3 a5 11. f5 d5 12. g4 dxe4 13. dxe4 Qb6+ 14. Kh2 Nc5 15. Qe2 h6 16. g5 hxg5 17. Bxg5 Nh7 18. Be3 Qc7 19. Rg1 Kh8 20. Nh4 Nd7 21. Bf3 Ndf6 22. Rg3 Bb4 23. Rag1 Rg8 24. Qg2 Bf8 25. Bh6 Ne8 26. Be3 Qe7 27. Rg4 Nef6 28. Bg5 b5 29. Ng6+ fxg6 30. fxg6 Nxg4+ 31. Bxg4 Nxg5 32. Bf5 Bxf5 33. exf5 e4 34. Qg4 Nf3+ 35. Kg3 Qh4+ 36. Qxh4+ Nxh4 37. Kxh4 Be7+ 38. Kg4 e3 39. Kf3 Bc5 40. Rg4 Rge8 41. Rh4+ Kg8 42. Ne4 e2 43. Kxe2 bxc4 44. Kf3 Bd4 0-1

[Event "Late-Titled-Tuesday-Blitz-June-18-2024"]
[Site "Chess.com"]
[Date "2024.06.18"]
[Round "4"]
[White "KarlEmilElmer"]
[Black "Charodej1"]
[Result "1-0"]
[WhiteElo "2247"]
[BlackElo "2449"]
[TimeControl "180+1"]
[EndTime "14:41:54 PDT"]
[Termination "KarlEmilElmer won by resignation"]

1. d4 Nf6 2. c4 e6 3. Nc3 Bb4 4. Bg5 h6 5. Bh4 d5 6. cxd5 exd5 7. e3 c6 8. Bd3 Qa5 9. Ne2 Ne4 10. Bxe4 dxe4 11.
O-O f5 12. Qb3 Bd6 13. a3 Qb6 14. Qa2 Qc7 15. Bg3 Bxg3 16. Nxg3 Qf7 17. Qxf7+ Kxf7 18. f3 exf3 19. Rxf3 Kg6 20. Raf1 Re8 21. Nxf5 Bxf5 22.
Rxf5 Nd7 23. e4 Nf6 24. R5f4 Rad8 25. e5 Nd5 26. Nxd5 Rxd5 27. Rg4+ Kh7 28. Rf7 Kh8 29. Rgxg7 Rxd4 30. Rh7+ Kg8 31. Rfg7+ Kf8 32. h3 Rd1+ 33. Kh2 Rxe5 34. Rxb7 Kg8 35. Rhc7 Re8 36. Rg7+ Kh8 37. Rh7+ Kg8 38. Rxh6 Rd2 39. Rxc6 Kf8 40. b4 Kg8 41.
Rxa7 1-0

[Event "Late-Titled-Tuesday-Blitz-June-18-2024"]
[Site "Chess.com"]
[Date "2024.06.18"]
[Round "4"]
[White "Freeeeeeeeeeeeeeeeee"]
[Black "Hirna2005"]
[Result "1-0"]
[WhiteElo "1881"]
[BlackElo "2266"]
[TimeControl "180+1"]
[EndTime "14:41:55 PDT"]
[Termination "Freeeeeeeeeeeeeeeeee won on time"]

1. d4 g6 2. h4 c5 3. h5 cxd4 4. hxg6 fxg6 5. Qxd4 Nf6 6. e4 Nc6 7. Qd3 Bg7 8. Nf3 d6 9. Nc3 Bg4 10. Bh6 Bxh6 11. Rxh6 Qa5 12. O-O-O O-O-O 13. Be2 Kb8 14. Kb1 Nh5 15. Qe3 Rdf8 16. Nd5 e6 17. Nc3 Nf4 18. Bf1 Bxf3 19. gxf3 Nh5 20. Rxd6 Qe5 21. Rd1 Rf4 22. Ne2 Rf7 23. Bh3 Nb4 24. c3 Nc6 25. Bg4 Nf6 26.
Rhh1 h5 27. Bh3 Rhf8 28. Bg2 Nd7 29. f4 Qa5 30. Bh3 Re7 31. Rhg1 Nb6 32. Rxg6 Nc4 33. Qc1 Qb5 34. Ng3 Na3+ 35. Ka1 Nc4 36. Rxe6 Rxe6 37. Bxe6 N6a5 38. f5 Qa4 39. Bxc4 Nxc4 40. b3 Qa6 41. bxc4 Qf6 42. Qf4+ 1-0

[Event "Late-Titled-Tuesday-Blitz-June-18-2024"]
[Site "Chess.com"]
[Date "2024.06.18"]
[Round "4"]
[White "cthulhuuu"]
[Black "Winner_7777"]
[Result "1-0"]
[WhiteElo "2396"]
[BlackElo "2542"]
[TimeControl "180+1"]
[EndTime "14:41:56 PDT"]
[Termination "cthulhuuu won on time"]

1. e4 c5 2. Nf3 d6 3. g3 Nf6 4. d3 Nc6 5. Bg2 g6 6. O-O Bg7 7. Re1 O-O 8. c3 b5 9. e5 Nd5 10. exd6 Qxd6 11. Nbd2 e5 12. Ne4 Qe7 13. Qb3 Nc7 14.
Bg5 Qe6 15. Nxc5 Qd6 16. Ne4 Qxd3 17. Nf6+ Bxf6 18. Bxf6 Be6 19. Qa3 b4 20. Qa4 Bd5 21. Rad1 Qf5 22. Rxd5 Nxd5 23. Qxc6 Nxf6 24. Rxe5 Qb1+ 25.
Re1 Qf5 26. Nd4 Qg5 27. f4 Qa5 28. Qxf6 Rae8 29. Re5 Qxa2 30. Nc6 Qb1+ 31. Bf1 Qxb2 32. cxb4 Rxe5 33. Qxe5 h5 34. Qxb2 1-0

[Event "Late-Titled-Tuesday-Blitz-June-18-2024"]
[Site "Chess.com"]
[Date "2024.06.18"]
[Round "4"]
[White "Mikhal867"]
[Black "protectiago"]
[Result "1-0"]
[WhiteElo "2453"]
[BlackElo "2141"]
[TimeControl "180+1"]
[EndTime "14:41:56 PDT"]
[Termination "Mikhal867 won by resignation"]

1. c4 c5 2. Nf3 Nc6 3. g3 g6 4. Bg2 Bg7 5. O-O e5 6. Nc3 d6 7. a3 a5 8. e3 Be6 9. Qe2 h6 10. b3 Nge7 11. Bb2 O-O 12. e4 f5 13. Nd5 fxe4 14. Qxe4 Nxd5 15. cxd5 Bf5 16. Qh4 g5 17.
Qh5 Ne7 18. Bh3 Nxd5 19. Bxf5 Rxf5 20. Qg4 Qf8 21. Kg2 Rxf3 22. Qxf3 Qxf3+ 23. Kxf3 e4+ 24. Kxe4 Bxb2 25. Kxd5 Bxa1 26. Rxa1 Rf8 27. Rf1 Rf3 28. Kxd6 b6 29. Kc6 Rxb3 30. a4 Kf7 31. f4 Kg6 32. fxg5 hxg5 33. Rd1 Rb2 34. d4 c4 35. d5 c3 36. d6 Rd2 37. Rc1 c2 38. d7 Kf7 39.
Kc7 Ke7 40. Re1+ Kf7 41. d8=Q 1-0

[Event "Late-Titled-Tuesday-Blitz-June-18-2024"]
[Site "Chess.com"]
[Date "2024.06.18"]
[Round "4"]
[White "picturesquecheck"]
[Black "K-Nygren"]
[Result "0-1"]
[WhiteElo "2376"]
[BlackElo "2529"]
[TimeControl "180+1"]
[EndTime "14:41:57 PDT"]
[Termination "K-Nygren won by resignation"]

1. e4 c5 2. Nf3 Nc6 3. d4 cxd4 4.
Nxd4 e5 5. Nb5 d6 6. c4 Be7 7. Bd3 Nf6 8. O-O Be6 9. b3 O-O 10. N5c3 Rc8 11. Kh1 Nd7 12. Nd5 Bxd5 13. cxd5 Nb4 14.
Be3 Nc5 15. Bxc5 Rxc5 16. f3 Qc7 17. Na3 Bg5 18. Bc4 a6 19. Qe1 a5 20. Qg3 Be3 21. Nb5 Qb6 22. a4 Nc2 23. Ra2 Nd4 24. Nxd4 exd4 25.
f4 f5 26. e5 g6 27. h4 Kg7 28. h5 dxe5 29. fxe5 f4 30. Qg5 Rf5 31. Qe7+ Kh6 32. g4 fxg3 33. Rxf5 gxf5 34. Qf8+ Kg5 35. Rg2 Bf2 36. d6 Rxc4 37. Qg7+ Kf4 38. Qh6+ Ke4 39. Qd2 Qxb3 40. Rxf2 gxf2 41. Qxf2 Rc1+ 42. Kg2 Rc2 43. d7 Rxf2+ 44. Kxf2 0-1

[Event "Late-Titled-Tuesday-Blitz-June-18-2024"]
[Site "Chess.com"]
[Date "2024.06.18"]
[Round "4"]
[White "KorolDimitriy75"]
[Black "HouseOfDurin"]
[Result "0-1"]
[WhiteElo "2480"]
[BlackElo "2341"]
[TimeControl "180+1"]
[EndTime "14:41:57 PDT"]
[Termination "HouseOfDurin won on time"]

1. d4 Nf6 2. c4 c5 3. d5 b5 4. Nd2 bxc4 5. e4 d6 6. Bxc4 Nbd7 7.
Ngf3 g6 8. b3 Bg7 9. Bb2 O-O 10. h3 a5 11. a4 Nb6 12. Qc2 Nxc4 13.
bxc4 Rb8 14. Bc3 Nd7 15. Bxg7 Kxg7 16. O-O Rb4 17. Rfe1 Qc7 18. Qc3+ Kg8 19. e5 Nxe5 20. Nxe5 dxe5 21. Rxe5 e6 22. dxe6 Bxe6 23. Qe3 Rd8 24. Rxc5 Qb6 25. Ne4 Rxc4 26. Rc8 Qd4 27. Rxc4 Qxe3 28.
fxe3 Bxc4 29. Nc5 Rd2 30. Rc1 Bd5 31. e4 Bc6 32. Rc4 Rb2 33. g4 Kg7 34. e5 Rb4 35.
Rxb4 axb4 36. a5 Bd5 37. Kf2 b3 38. Nd3 Be4 39. Nb2 Kf8 40. Ke3 Bb7 41. Kd4 Ke7 42. Kc5 Ke6 43. Kb6 Be4 44. a6 Kxe5 45. a7 Kf4 0-1

[Event "Late-Titled-Tuesday-Blitz-June-18-2024"]
[Site "Chess.com"]
[Date "2024.06.18"]
[Round "4"]
[White "Chigorinetz"]
[Black "wonderfultime"]
[Result "0-1"]
[WhiteElo "2612"]
[BlackElo "3021"]
[TimeControl "180+1"]
[EndTime "14:41:58 PDT"]
[Termination "wonderfultime won on time"]

1. e4 c5 2. Nc3 Nc6 3. Nge2 g6 4.
d4 cxd4 5. Nxd4 Bg7 6. Nb3 Nf6 7. Bc4 O-O 8. O-O d6 9. Re1 Be6 10. Nd5 Rc8 11. c3 Ne5 12. Bf1 Nc4 13. Bxc4 Rxc4 14.
Qd3 b5 15. Bg5 Nxd5 16. exd5 Bf5 17. Qe2 Re8 18. h3 a5 19. Rad1 a4 20. Nd4 Bd7 21. Bxe7 Qc7 22. Qf3 b4 23. Bf6 bxc3 24. bxc3 Rxc3 25.
Qf4 Rc5 26. Rxe8+ Bxe8 27. Re1 Bxf6 28. Rxe8+ Kg7 29. Nf5+ gxf5 30. Qg3+ Kh6 31. Rg8 Rc1+ 32. Kh2 Qc4 33. Qe3+ f4 34. Qf3 Be5 35. h4 Qf1 36. Kh3 Qh1+ 37. Kg4 Rg1 38. Kf5 Qxh4 39. g4 fxg3 0-1